 Dungeon Crawl Stone Soup version 0.20.1-1-g8b1a95d (console) character file.

288 hilaritas the Magician (level 6, -2/36 HPs)
             Began as an Octopode Conjurer on July 29, 2017.
             Slain by Grinder (7 damage)
             ... while paralysed by Grinder
             ... on level 4 of the Dungeon.
             The game lasted 00:08:44 (3211 turns).

hilaritas the Magician (Octopode Conjurer)          Turns: 3211, Time: 00:08:45

Health: -2/36      AC:  1    Str:  7    XL:     6   Next: 31%
Magic:  0/13       EV:  2    Int: 19    God:
Gold:   97         SH:  0    Dex: 13    Spells: 1/15 levels left

rFire    . . .     SeeInvis .   d - +0 short sword
rCold    . . .     Gourm    .   (no shield)
rNeg     . . .     Faith    .   (helmet restricted)
rPois    .         Spirit   .   (no amulet)
rElec    .         Reflect  .   (no ring)
rCorr    .         Harm     .   (no ring)
MR       .....                  (no ring)
Stlth    +++.......             (no ring)
Regen    0.2/turn               (no ring)
MPRegen  0.2/turn               (no ring)
                                (no ring)
                                (no ring)

@: paralysed, very slightly contaminated
A: almost no armour, stealthy swim, amphibious, 8 rings, constrict 8, camouflage
1, gelatinous body 1
a: no special abilities


You were on level 4 of the Dungeon.
You were hungry.

You visited 1 branch of the dungeon, and saw 4 of its levels.

You collected 97 gold pieces.

Inventory:

Hand Weapons
 d - a +0 short sword (weapon)
Jewellery
 r - an uncursed ring of wizardry {unknown}
Scrolls
 e - 2 scrolls of teleportation {unknown}
 i - 2 scrolls of identify {unknown}
 j - a scroll of remove curse {unknown}
 l - a scroll of recharging {unknown}
 m - a scroll of enchant armour {unknown}
Potions
 c - 2 potions of curing
 h - 2 potions of berserk rage {unknown}
 n - a potion of brilliance {unknown}
 o - a potion of magic {unknown}
 p - a potion of degeneration {unknown}
 q - a potion of might {unknown}
Books
 a - a book of Conjurations

   Spells                             Type                      Level
   a - Magic Dart                     Conjuration                  1
   b - Searing Ray                    Conjuration                  2
   c - Dazzling Spray                 Conjuration/Hexes            3
   d - Fulminant Prism                Conjuration/Hexes            4
   e - Force Lance                    Conjuration/Translocation    4
   f - Iskenderun's Mystic Blast      Conjuration                  4
Comestibles
 b - 4 bread rations
 f - 10 fruits
 k - 2 meat rations


   Skills:
 - Level 2.0 Dodging
 - Level 3.0 Stealth
 * Level 5.2 Spellcasting
 - Level 5.0 Conjurations


You had one spell level left.
You knew the following spells:

 Your Spells              Type           Power        Failure   Level  Hunger
a - Magic Dart            Conj           ###.         1%          1    None
b - Searing Ray           Conj           ###...       2%          2    #......
c - Dazzling Spray        Conj/Hex       ##....       13%         3    ##.....
d - Force Lance           Conj/Tloc      ##......     41%         4    ####...
e - Iskenderun's Mystic   Conj           ###.....     16%         4    ####...


Dungeon Overview and Level Annotations

Branches:
Dungeon (4/15)
 Temple: D:4-7

Altars:
Fedhas

Annotations:
D:4 Grinder


Innate Abilities, Weirdness & Mutations

You cannot wear most types of armour.
You are very stealthy in the water. (Stealth+)
You are amphibious.
You can wear up to eight rings at the same time.
You can use your tentacles to constrict eight enemies at once.
Your skin changes colour to match your surroundings (Stealth+).
Your rubbery body absorbs attacks. (AC +1, EV +1)


Message History

Grinder hits you.
You hit Grinder but do no damage.
Grinder is severely wounded.
You constrict Grinder. Grinder misses you.
You hit Grinder. You squeeze Grinder.
Grinder is almost dead.
You constrict Grinder.
Grinder blinks free!
Grinder hits you!
You writhe in agony.
* * * LOW HITPOINT WARNING * * *
Casting: Magic Dart
Confirm with . or Enter, or press ? or * to list all spells.
Aiming: Magic Dart
Press: ? - help, Shift-Dir - straight line, f/p - Grinder
Aim: Grinder (almost dead)
The magic dart hits Grinder.
Grinder is almost dead.
Grinder gestures at you.
You suddenly lose the ability to move!
Grinder hits you!
You die...

.# #####
.#. #...#
.. #...# .#
#...##.###
#........#
#........#
#...<....#
#....@5..#
##..$..$.#
#.......#
#.......#
#.......#
#.........
####.######
#.#


You could see Grinder.

Vanquished Creatures
  Sigmund (D:2)
  Jessica (D:3)
  A worker ant (D:3)
  2 adders (D:2)
  2 worms
  3 dart slugs
  2 orcs (D:3)
  8 bats
  4 giant cockroaches
  7 goblins
  6 hobgoblins
  4 jackals (D:1)
  4 frilled lizards
  2 kobolds (D:2)
  5 rats
52 creatures vanquished.

Notes
Turn   | Place    | Note
-------+----------+-------------------------------------------
     0 | D:1      | hilaritas the Octopode Conjurer began the quest for the Orb.
     0 | D:1      | Reached XP level 1. HP: 11/11 MP: 3/3
   160 | D:1      | Reached XP level 2. HP: 17/17 MP: 1/5
   252 | D:1      | Learned a level 2 spell: Searing Ray
   929 | D:1      | Reached XP level 3. HP: 21/21 MP: 2/6
  1189 | D:1      | Learned a level 3 spell: Dazzling Spray
  1395 | D:2      | Reached skill level 5 in Conjurations
  1709 | D:2      | Noticed Sigmund
  1726 | D:2      | Killed Sigmund
  1726 | D:2      | Reached XP level 4. HP: 18/27 MP: 0/10
  1726 | D:2      | Reached XP level 5. HP: 21/31 MP: 0/11
  1817 | D:2      | Learned a level 4 spell: Force Lance
  2231 | D:2      | Reached XP level 6. HP: 36/36 MP: 7/13
  2359 | D:3      | Noticed Jessica
  2371 | D:3      | Killed Jessica
  2371 | D:3      | Reached skill level 5 in Spellcasting
  2706 | D:3      | Found a blossoming altar of Fedhas.
  3060 | D:3      | Learned a level 4 spell: Iskenderun's Mystic Blast
  3187 | D:4      | Noticed Grinder
  3210 | D:4      | Paralysed by Grinder for 5 turns
  3211 | D:4      | Slain by Grinder

Skill      XL: |  1  2  3  4  5  6 |
---------------+-------------------+-----
Stealth        | 3 |  3.0
Conjurations   | 5 |  5.0
Spellcasting   | 4 5 |  5.2
Dodging        | |  2.0

Action                   |  1- 3 |  4- 6 || total
-------------------------+-------+-------++-------
Melee: Short sword       |     8 |    10 ||    18
       Constrict         |     2 |     2 ||     4
       Tentacles         |     2 |     2 ||     4
 Cast: Magic Dart        |    51 |    59 ||   110
       Searing Ray       |     1 |     1 ||     2
  Use: Potion            |     2 |       ||     2
  Eat: Chunk             |     3 |     4 ||     7
Armor: Skin              |     1 |     1 ||     2
Dodge: Dodged            |    14 |     7 ||    21
